Map: Frost LE

Players

FuturE

  • Race: Terran Terran
  • League: Grandmaster

Miszu - Winner!

  • Race: Terran Terran
  • League: Master

VOD

Have the link to the VOD?

Description

Time

  • Played on: June 27, 2016, 12:50 p.m.
  • Length: 8:30
Show
View Real Time Build Order
Export as new Build Order

FuturE Terran 

Build Orders: Reaper Expand 

Get SALT Encoding   

  12  0:01  SCV  
  13  0:13  SCV  
  14  0:17  Supply Depot  
  14  0:25  SCV  
  15  0:39  SCV  
  15  0:41  Barracks  
  16  0:44  Refinery  
  16  0:51  SCV  
  17  1:03  SCV  
  18  1:15  SCV  
  19  1:28  Reaper, Orbital Command  
  20  1:44  Command Center  
  20  1:55  SCV  
  21  2:02  Marine  
  21  2:04  Factory  
  23  2:13  Supply Depot, SCV  
  23  2:27  Refinery  
  23  2:33  Barracks Reactor  
  23  2:35  SCV  
  24  2:47  SCV  
  25  2:55  Hellion  
  25  2:56  Orbital Command  
  26  2:59  SCV  
  26  3:04  Factory  
  27  3:11  SCV  
  28  3:16  Starport  
  26  3:23  SCV  
  27  3:27  Hellion x2  
  31  3:46  SCV  
  31  3:49  Hellion x2, Factory Tech Lab  
  35  3:56  Starport Tech Lab  
  35  4:03  SCV  
  35  4:08  Hellion  
  38  4:10  Hellion  
  38  4:15  SCV  
  41  4:25  High Capacity Fuel Tanks, SCV  
  41  4:28  Infernal Pre-Igniter  
  41  4:30  SCV  
  43  4:42  SCV  
  43  4:43  Supply Depot  
  43  4:44  Supply Depot  
  44  4:46  Raven  
  46  5:04  SCV x2  
  46  5:05  Hellion  
  50  5:11  Hellion x2  
  54  5:16  SCV x2  
  56  5:26  Supply Depot  
  51  5:29  Viking, SCV x2  
  49  5:47  SCV  
  49  5:48  SCV  
  50  6:00  SCV x2  
  49  6:10  Hellion x2  
  50  6:15  SCV x2  
  43  6:27  SCV  
  43  6:29  SCV, Armory  
  45  6:39  Hellion, SCV  
  48  6:41  SCV  
  48  6:46  Medivac  
  51  6:51  Supply Depot  
  51  6:52  Hellion  
  51  6:54  SCV  
  54  6:56  SCV  
  54  7:00  Hellion  
  57  7:06  SCV  
  57  7:08  Hellion  
  60  7:11  Supply Depot, SCV  
  61  7:16  Raven  
  63  7:32  SCV  
  63  7:33  Command Center, SCV  
  65  7:37  Refinery  
  65  7:44  SCV  
  65  7:46  SCV  
  67  7:56  Refinery, SCV  
  67  7:58  SCV  
  69  8:01  Hellion x2  
Show
View Real Time Build Order
Export as new Build Order

Miszu Terran - Winner!

Build Orders: 1/1/1, MMM Bio, Banshee Rush 

Get SALT Encoding   

  12  0:00  SCV  
  13  0:13  SCV  
  14  0:17  Supply Depot  
  14  0:25  SCV  
  15  0:31  Refinery  
  15  0:39  SCV  
  16  0:44  Barracks  
  16  0:51  SCV  
  17  1:00  Refinery  
  17  1:03  SCV  
  18  1:15  SCV  
  19  1:32  Factory  
  19  1:34  Orbital Command  
  19  1:38  Reaper  
  20  1:49  Supply Depot  
  20  2:00  SCV  
  21  2:10  Reaper  
  21  2:12  SCV  
  23  2:17  Hellion  
  24  2:23  Starport  
  24  2:28  SCV  
  25  2:32  Supply Depot  
  25  2:42  Reaper  
  27  2:44  Hellion  
  27  2:50  SCV  
  28  2:57  Supply Depot  
  28  2:59  Medivac  
  32  3:05  Hellion  
  32  3:12  SCV  
  33  3:22  Barracks Tech Lab  
  33  3:47  Factory Tech Lab  
  33  3:50  Barracks Reactor  
  33  3:54  Cloaking Field, Banshee  
  36  3:55  Command Center  
  36  3:58  SCV  
  37  4:14  Siege Tank  
  40  4:17  SCV  
  41  4:27  Marine x2  
  43  4:37  Barracks, Banshee  
  46  4:41  Barracks  
  46  4:47  SCV  
  47  5:00  Marine  
  47  5:03  SCV  
  47  5:07  Siege Tank  
  50  5:14  Orbital Command  
  50  5:15  SCV  
  49  5:31  Marine  
  49  5:32  Marine, Barracks Tech Lab x2  
  47  5:47  Siege Tank  
  47  5:49  Marine x2, SCV  
  52  5:54  Marine x2  
  52  5:56  Starport Reactor  
  55  6:07  Marine x2  
  55  6:11  Marine, Stimpack, Combat Shields  
  54  6:12  Marine, SCV  
  54  6:14  SCV  
  58  6:25  Marine x2  
  60  6:26  SCV  
  60  6:27  SCV  
  60  6:31  Supply Depot  
  62  6:35  Engineering Bay  
  62  6:39  Refinery  
  62  6:41  Refinery  
  62  6:49  Supply Depot  
  62  6:50  SCV x2  
  62  6:51  Supply Depot  
  62  6:53  Medivac x2  
  67  7:00  Marauder  
  67  7:01  Marauder  
  69  7:03  SCV  
  70  7:11  SCV  
  71  7:16  SCV  
  71  7:21  Marauder  
  74  7:23  SCV  
  74  7:24  Supply Depot x2  
  74  7:26  Marauder  
  74  7:29  SCV  
  78  7:30  Medivac  
  78  7:31  Barracks x2  
  78  7:32  Marine  
  78  7:35  SCV  
  82  7:41  SCV  
  83  7:44  Marauder  
  83  7:46  Supply Depot  
  83  7:47  SCV  
  83  7:51  Marauder  
  88  7:52  Marine x2  
  88  7:53  SCV  
  91  7:59  SCV  
  91  8:05  SCV  
Tags
 
Add a new tag
Caveats
  • Supply blocks, unpowered buildings, or Contaminate may cause inaccurate times.
  • Supply counts are checked every 10 seconds.